 Dungeon Crawl Stone Soup version 0.24.0-41-g2ae2f7f1be (webtiles) character file.

Game seed: 16834428646395492568, levelgen mode: deterministic

326 FishyPogo the Charmwright (level 6, -15/51 HPs)
             Began as a Gnoll Skald on Dec 12, 2019.
             Demolished by an ogre
             ... wielding a +0 giant spiked club
              (20 damage)
             ... on level 4 of the Dungeon.
             The game lasted 00:12:59 (2375 turns).

FishyPogo the Charmwright (Gnoll Skald)             Turns: 2375, Time: 00:13:00

Health: -15/51     AC: 12    Str: 15    XL:     6   Next: 49%
Magic:  11/14      EV: 15    Int: 16    God:
Gold:   157        SH:  0    Dex: 14    Spells: 4/15 levels left

rFire    . . .     SeeInvis .   r - +2 whip (holy)
rCold    . . .     Gourm    .   (no shield)
rNeg     . . .     Faith    .   n - +1 robe {MR+}
rPois    .         Spirit   .   u - +2 helmet
rElec    .         Reflect  .   (no cloak)
rCorr    .         Harm     .   (no gloves)
MR       +....                  (no boots)
Stlth    ++........             (no amulet)
HPRegen  0.17/turn              l - +6 ring of protection
MPRegen  0.14/turn              o - ring of wizardry

@: no status effects
A: distributed training, fangs 1, strong nose
a: no special abilities


You were on level 4 of the Dungeon.
You were not hungry.

You visited 1 branch of the dungeon, and saw 5 of its levels.

You collected 157 gold pieces.

Inventory:

Hand Weapons
 a - a +0 short sword
 r - a +2 whip of holy wrath (weapon)
Missiles
 m - 63 stones (quivered)
 q - 9 poisoned darts
Armour
 b - a +0 leather armour
 n - a +1 robe of magic resistance (worn)
 u - a +2 helmet (worn)
Jewellery
 h - an uncursed amulet of faith {unknown}
 l - a +6 ring of protection (left hand)
 o - a ring of wizardry (right hand)
 s - an uncursed ring of resist corrosion {unknown}
Scrolls
 f - 4 scrolls of teleportation
 j - 2 scrolls of fear
 p - 3 scrolls of identify
Potions
 e - a potion of might {unknown}
 g - 2 potions of curing
 i - a potion of brilliance
 k - a potion of invisibility {unknown}
Comestibles
 c - 7 chunks of flesh
 d - 8 rations


   Skills:
 + Level 5.0 Fighting
 + Level 5.0 Short Blades
 + Level 2.0 Long Blades
 + Level 2.0 Axes
 + Level 2.0 Maces & Flails
 + Level 2.0 Polearms
 + Level 2.0 Staves
 + Level 2.0 Slings
 + Level 2.0 Bows
 + Level 2.0 Crossbows
 + Level 2.0 Throwing
 + Level 3.2 Armour
 + Level 5.0 Dodging
 + Level 2.0 Stealth
 + Level 2.0 Shields
 + Level 2.0 Unarmed Combat
 + Level 5.3 Spellcasting
 + Level 1.5 Conjurations
 + Level 1.5 Hexes
 + Level 5.6 Charms
 + Level 1.5 Summonings
 + Level 1.5 Necromancy
 + Level 1.5 Translocations
 + Level 1.5 Transmutations
 + Level 1.5 Fire Magic
 + Level 1.5 Ice Magic
 + Level 1.5 Air Magic
 + Level 1.5 Earth Magic
 + Level 1.5 Poison Magic
 + Level 2.1 Invocations
 + Level 2.0 Evocations


You had 4 spell levels left.
You knew the following spells:

 Your Spells              Type           Power        Failure   Level  Hunger
h - Regeneration          Chrm/Necr      ###.......   4%          3    ###....
n - Spectral Weapon       Hex/Chrm       ###.....     4%          3    ###....
p - Shroud of Golubria    Chrm/Tloc      ###...       1%          2    #......
u - Song of Slaying       Chrm           ###.....     1%          2    #......
y - Infusion              Chrm           ###.         1%          1    None

Your spell library contained the following spells:

 Spells                   Type           Power        Failure   Level  Hunger


Dungeon Overview and Level Annotations

Branches:
Dungeon (5/15)
 Temple: D:4-7

Altars:
Wu Jian

Annotations:
D:4 Grinder


Innate Abilities, Weirdness & Mutations

Your experience applies equally to all skills.
You have very sharp teeth.
Your uncanny sense of smell can sniff out nearby items.


Message History

a +0 dagger; a +0 robe; an orc skeleton
p - 3 scrolls of identify (gained 1)
Your shroud unravels.
Your magical infusion is running out.
You are no longer magically infusing your attacks.
The ogre is too close now for your liking.
The ogre shouts!
You can't go down here!
Eating one of 8 chunks of flesh.
You eat one of the 8 chunks of flesh.
This raw flesh tastes terrible.
The ogre is too close now for your liking.
A hound comes into view.
The ogre hits you with a +0 giant spiked club!!
Ouch! That really hurt!
* * * LOW HITPOINT WARNING * * *
The hound barks!
You hit the ogre.
The ogre is lightly wounded.
The ogre hits you with a +0 giant spiked club!!
You die...

#### ###..# #....# ####
###...########
#...##.##..##.....#
....#.#....#.....# ##..
.......$.........#
#........#Oh.........## #....
##@.......)..## #....
#............<## #....
##.............# #....##
##...........##
#.....####.....#.....## ##
#....[.....##......####.
#.รท.#.##....#...#....... ###
#####..###........###......
##.####..#..###.........##..###..


You could see an ogre and a hound.

Vanquished Creatures
  A scorpion (D:4)
  An orc priest (D:4)
  2 orc wizards (D:4)
  Jessica (D:2)
  Natasha (twice) (D:2)
  A worker ant (D:4)
  4 adders
  A leopard gecko (D:4)
  2 orcs
  6 bats
  3 giant cockroaches
  3 goblins
  7 hobgoblins
  7 jackals (D:2)
  A quokka (D:2)
  3 ball pythons
  4 frilled lizards
  7 kobolds
  5 rats
61 creatures vanquished.

Notes
Turn   | Place    | Note
-------+----------+-------------------------------------------
     0 | D:1      | FishyPogo the Gnoll Skald began the quest for the Orb.
     0 | D:1      | Reached XP level 1. HP: 20/20 MP: 6/6
   163 | D:1      | Reached XP level 2. HP: 20/26 MP: 4/7
   167 | D:1      | Learned a level 2 spell: Song of Slaying
   170 | D:1      | Learned a level 2 spell: Shroud of Golubria
   489 | D:2      | Noticed Jessica
   497 | D:2      | Killed Jessica
   497 | D:2      | Reached skill level 5 in Spellcasting
   497 | D:2      | Reached skill level 1 in Invocations
   497 | D:2      | Reached XP level 3. HP: 29/31 MP: 2/9
   535 | D:2      | You fall into a shaft and drop 2 floors!
   546 | D:4      | Noticed a scorpion
   558 | D:4      | Killed a scorpion
   558 | D:4      | Reached skill level 1 in Long Blades
   558 | D:4      | Reached skill level 1 in Axes
   558 | D:4      | Reached skill level 1 in Maces & Flails
   558 | D:4      | Reached skill level 1 in Polearms
   558 | D:4      | Reached skill level 1 in Staves
   558 | D:4      | Reached skill level 1 in Slings
   558 | D:4      | Reached skill level 1 in Bows
   558 | D:4      | Reached skill level 1 in Crossbows
   558 | D:4      | Reached skill level 1 in Throwing
   558 | D:4      | Reached skill level 1 in Stealth
   558 | D:4      | Reached skill level 1 in Shields
   558 | D:4      | Reached skill level 1 in Unarmed Combat
   558 | D:4      | Reached skill level 1 in Conjurations
   558 | D:4      | Reached skill level 1 in Hexes
   558 | D:4      | Reached skill level 1 in Summonings
   558 | D:4      | Reached skill level 1 in Necromancy
   558 | D:4      | Reached skill level 1 in Translocations
   558 | D:4      | Reached skill level 1 in Transmutations
   558 | D:4      | Reached skill level 1 in Fire Magic
   558 | D:4      | Reached skill level 1 in Ice Magic
   558 | D:4      | Reached skill level 1 in Air Magic
   558 | D:4      | Reached skill level 1 in Earth Magic
   558 | D:4      | Reached skill level 1 in Poison Magic
   558 | D:4      | Reached skill level 1 in Evocations
   558 | D:4      | Reached XP level 4. HP: 27/38 MP: 0/11
   559 | D:4      | Noticed Grinder
   577 | D:4      | Learned a level 3 spell: Regeneration
   581 | D:4      | Learned a level 3 spell: Spectral Weapon
   838 | D:2      | Noticed Natasha
   864 | D:2      | You fall into a shaft and drop 1 floor!
   898 | D:3      | Found an ornate altar of the Wu Jian Council.
  1089 | D:2      | Killed Natasha
  1089 | D:2      | Reached XP level 5. HP: 38/43 MP: 1/12
  1550 | D:2      | Noticed Natasha
  1560 | D:2      | Killed Natasha
  2097 | D:4      | Noticed an ogre
  2123 | D:4      | Reached XP level 6. HP: 47/50 MP: 4/13
  2211 | D:5      | Entered Level 5 of the Dungeon
  2329 | D:4      | Reached skill level 5 in Fighting
  2329 | D:4      | Reached skill level 5 in Short Blades
  2329 | D:4      | Reached skill level 5 in Dodging
  2375 | D:4      | Demolished by an ogre

Levels and vault maps discovered:
D:1:      wheals_arrival_linesprint, layout_rooms
D:2:      layout_basic, first_ration, uniq_natasha, uniq_jessica
D:3:      layout_loops_cross, lemuel_doored_altar
D:4:      layout_cave_pools, minivault_5, uniq_robin, uniq_grinder
D:5:      layout_cave_pods, tgw_trog, minmay_temple_entry_wispy,
          cheibrodos_sewer_entry_bend, enter_ossuary_5, uniq_ijyb, uniq_menkaure

Skill      XL: |  1  2  3  4  5  6 |
---------------+-------------------+-----
Spellcasting   | 5 |  5.3
Invocations    | 1 2 |  2.1
Long Blades    | 1 2 |  2.0
Axes           | 1 2 |  2.0
Maces & Flails | 1 2 |  2.0
Polearms       | 1 2 |  2.0
Staves         | 1 2 |  2.0
Slings         | 1 2 |  2.0
Bows           | 1 2 |  2.0
Crossbows      | 1 2 |  2.0
Throwing       | 1 2 |  2.0
Stealth        | 1 2 |  2.0
Shields        | 1 2 |  2.0
Unarmed Combat | 1 2 |  2.0
Conjurations   | 1 |  1.5
Hexes          | 1 |  1.5
Summonings     | 1 |  1.5
Necromancy     | 1 |  1.5
Translocations | 1 |  1.5
Transmutations | 1 |  1.5
Fire Magic     | 1 |  1.5
Ice Magic      | 1 |  1.5
Air Magic      | 1 |  1.5
Earth Magic    | 1 |  1.5
Poison Magic   | 1 |  1.5
Evocations     | 1 2 |  2.0
Armour         | 3 |  3.2
Fighting       | 5 |  5.0
Short Blades   | 5 |  5.0
Dodging        | 5 |  5.0
Charms         | |  5.6

Action                   |  1- 3 |  4- 6 || total
-------------------------+-------+-------++-------
Melee: Short sword       |    42 |   161 ||   203
       Bite              |     5 |    16 ||    21
       Whip              |       |    32 ||    32
 Cast: Infusion          |     6 |     7 ||    13
       Shroud of Golubri |     2 |     3 ||     5
       Regeneration      |       |     6 ||     6
       Song of Slaying   |       |     1 ||     1
  Use: Scroll            |       |     5 ||     5
       Potion            |       |     2 ||     2
 Stab: Sleeping          |     1 |     1 ||     2
  Eat: Chunk             |       |     6 ||     6
Armor: Leather armour    |     5 |       ||     5
       Robe              |     2 |    68 ||    70
Dodge: Dodged            |    22 |   146 ||   168
